Match 45085882
Unlisted

Match 45085882
End
Construct Barracks
Selects Advanced Infantry Battlegroup
Riflemen Squad
M1 Mortar Team
Riflemen Squad
Construct Medical Station
Riflemen Squad
Selects Convert to Ranger Squad
Convert to Ranger Squad
Ranger Squad
Infantry Support Center
Selects Frontline Medical Station
Frontline Medical Station
Convert to Ranger Squad
Riflemen Squad
Survival Training
Demolitions Package
Riflemen Squad
Selects Infantry Assault
Infantry Assault
Construct Tank Depot
M18 Hellcat Tank Destroyer
M4A1 Sherman Medium Tank
Convert to Ranger Squad
Infantry Assault
Engineer Squad
Infantry Assault
M18 Hellcat Tank Destroyer
M18 Hellcat Tank Destroyer
Riflemen Squad
Infantry Assault
Selects Ammunition Storage
Selects M2A1 105mm Howitzer Emplacement
Selects 155mm Rapid Artillery Barrage
JISA_leb
Liberator4515
0
0

Comments sign in to comment!

No comments posted yet!